 Seeded DCSS version 0.29.1-15-g9cfb28693d (webtiles) character file.

Game seed: 5297477676520237703 (custom seed)

66 GigaChad the Conjurer (level 3, -3/20 HPs)
             Began as a Deep Elf Conjurer on Mar 10, 2023.
             Slain by Ijyb
             ... wielding a +0 club
              (7 damage)
             ... on level 3 of the Dungeon.
             The game lasted 00:03:58 (2525 turns).

GigaChad the Conjurer (Deep Elf Conjurer)           Turns: 2525, Time: 00:03:59

Health: -3/20      AC:  3    Str: 10    XL:     3   Next: 96%
Magic:  9/9        EV: 12    Int: 24    God:
Gold:   146        SH:  0    Dex: 13    Spells: 7/8 levels left

rFire   . . .      SeeInvis .   f - +0 dagger
rCold   . . .      Faith    .   (no shield)
rNeg    . . .      Spirit   .   a - +0 robe
rPois   .          Reflect  .   (no helmet)
rElec   .          Harm     .   l - +0 cloak
rCorr   .          Rampage  .   (no gloves)
Will    .....                   (no boots)
Stlth   +.........              g - amulet of magic regeneration
HPRegen 0.06/turn               c - +6 ring of strength
MPRegen 0.51/turn               (no ring)

@: confused
A: no striking features
a: no special abilities


You were on level 3 of the Dungeon.
You visited 1 branch of the dungeon, and saw 3 of its levels.

You collected 146 gold pieces.

Inventory:

Hand Weapons
 f - a +0 dagger (weapon)
Armour
 a - a +0 robe (worn)
 l - a +0 cloak (worn)
Jewellery
 c - a +6 ring of strength (left hand)
 g - an amulet of magic regeneration (around neck)
 k - a ring of flight
Scrolls
 d - a scroll of fear
 e - 4 scrolls of identify
 h - 2 scrolls of teleportation {unknown}
 i - 2 scrolls of immolation {unknown}
 o - a scroll of amnesia {unknown}
Potions
 b - 3 potions of magic
 j - 2 potions of resistance {unknown}
 m - 2 potions of brilliance {unknown}
 n - a potion of attraction {unknown}


   Skills:
 * Level 0.5 Fighting
 * Level 0.7 Short Blades
 * Level 2.9 Dodging
 * Level 2.9 Stealth
 * Level 3.3 Spellcasting
 + Level 5.3 Conjurations


You had 7 spell levels left.
You knew the following spells:

 Your Spells              Type           Power      Damage    Failure   Level
a - Magic Dart            Conj           100%       1d8       1%          1

Your spell library contained the following spells:

 Spells                   Type           Power      Damage    Failure   Level
 Searing Ray              Conj           58%        2d6       1%          2
 Dazzling Flash           Conj/Hex       32%        N/A       11%         3
 Fulminant Prism          Conj/Hex       8%         3d7       34%         4
 Iskenderun's Mystic Bla  Conj/Tloc      16%        2d5       34%         4


Dungeon Overview and Level Annotations

Branches:
Dungeon (3/15)

Altars:
The Shining One

Annotations:
D:3 2 transporters, Ijyb; devnull's ghost, amateur MfGl


Message History

Ijyb is lightly wounded.
The kobold shouts!
Ijyb zaps a wand.
You resist with some effort.
The magic dart hits Ijyb.
Ijyb is moderately wounded.
You miscast Magic Dart.
You are very lightly contaminated with residual magic.
Nothing appears to happen.
The magic dart hits Ijyb.
Ijyb is heavily wounded.
Ijyb zaps a wand.
You resist with some effort.
The magic dart hits the kobold!
You kill the kobold!
Ijyb zaps a wand.
Your will is overpowered!
You are confused.
You're too confused to cast spells.
You're too confused to cast spells.
You're too confused to cast spells.
You're too confused to cast spells.
Ijyb attacks as you move away! Ijyb barely misses you.
You miss Ijyb.
Ijyb is heavily wounded.
Ijyb zaps a wand.
You resist with some effort.
Your magical contamination has completely faded away.
Ijyb screams, "No!
No, no, no, no!"
Ijyb hits you with a +0 club. Ijyb hits you with a +0 club.
You feel less confused.
Ijyb zaps a wand.
Your will is overpowered!
You are confused.
You're too confused to move!
Ijyb zaps a wand.
Your will is overpowered!
You are more confused.
Ijyb attacks as you move away! Ijyb completely misses you.
Ijyb hits you with a +0 club. Ijyb hits you with a +0 club.
* * * LOW HITPOINT WARNING * * *
You're too confused to move!
Ijyb hits you with a +0 club.
* * * LOW HITPOINT WARNING * * *
Ijyb hits you with a +0 club!
You die...

#####.##### #.# #
#.........# ##'## #
#.###.###.# ##...## #
#.###.# ##.....### #
##..##.###.......#.
#.##....#.##..........
...........)..........
.##......##..........
#..##.@....###.......#.
#......g...# ##.....##.
#..........# ##...###.
########.### ##+## ##
#.# #.# .#. # #


You could see Ijyb.

Vanquished Creatures
  3 adders
  3 orcs (D:3)
  2 endoplasms
  5 giant cockroaches
  3 goblins
  5 hobgoblins
  2 quokkas
  A ball python (D:2)
  2 bats
  A frilled lizard (D:2)
  5 kobolds
  2 rats
34 creatures vanquished.

Notes
Turn   | Place    | Note
-------+----------+-------------------------------------------
     0 | D:1      | GigaChad the Deep Elf Conjurer began the quest for the Orb.
     0 | D:1      | Reached XP level 1. HP: 10/10 MP: 6/6
   374 | D:1      | Reached XP level 2. HP: 6/15 MP: 2/8
  1430 | D:2      | Reached skill level 5 in Conjurations
  1539 | D:2      | Reached XP level 3. HP: 19/19 MP: 5/9
  2221 | D:3      | Found a glowing golden altar of the Shining One.
  2320 | D:3      | Found a transporter.
  2338 | D:3      | Found a transporter.
  2446 | D:3      | Noticed devnull's ghost (amateur MfGl)
  2506 | D:3      | Noticed Ijyb
  2525 | D:3      | Slain by Ijyb

Illustrated notes

Levels and vault maps discovered:
D:1:      eino_arrival_cavern_d, layout_loops_corners
D:2:      layout_basic, kennysheep_generic_room_4
D:3:      layout_loops_corners, tso_metal_star, gammafunk_ghost_abyssal_escape,
          uniq_ijyb

Skill      XL: |  1  2 |
---------------+-------+-----
Conjurations   | 5 |  5.3
Fighting       | |  0.5
Short Blades   | |  0.7
Dodging        | |  2.9
Stealth        | |  2.9
Spellcasting   | |  3.3

Action                   || total
-------------------------++-------
Melee: Dagger            ||    20
       Unarmed           ||     1
 Cast: Magic Dart        ||    66
  Use: Scroll            ||     2
Armor: Robe              ||     5
Dodge: Dodged            ||    13
